 Dungeon Crawl Stone Soup version 0.17-a0-1900-g45e8110 (webtiles) character file.

239 derrpe the Charlatan (level 5, -1/49 HPs)
             Began as a Deep Dwarf Artificer on Sept 24, 2015.
             Slain by a phantom (8 damage)
             ... on level 4 of the Dungeon.
             The game lasted 00:10:20 (4994 turns).

derrpe the Charlatan (Deep Dwarf Artificer)         Turns: 4994, Time: 00:10:20

Health: -1/49      AC:  0    Str: 16    XL:     5   Next: 79%
Magic:  9/9        EV: 12    Int: 12    God:
Gold:   155        SH:  4    Dex: 13    Spells: 0 memorised, 4 levels left

rFire  + . .     SeeInvis .     a - +0 short sword
rCold  . . .     Clarity  .     (no armour)
rNeg   . . .     SustAt   .     m - +0 buckler
rPois  .         Gourm    .     (no helmet)
rElec  .         Spirit   .     (no cloak)
rCorr  .         Warding  .     (no gloves)
rMut   .         Stasis   .     (no boots)
MR     .....                    (no amulet)
Stlth  ++........               (no ring)
                                h - ring of protection from fire

@: lethally poisoned (-1 -> -1), non-regenerating, not resistant to hostile
enchantments, unstealthy
A: damage resistance, recharge devices, sense surroundings 1, slow healing 3
a: Device Recharging


You were on level 4 of the Dungeon.
You were very hungry.

You visited 1 branch of the dungeon, and saw 4 of its levels.

You collected 155 gold pieces.

Inventory:

Hand weapons
 a - a +0 short sword (weapon)
Armour
 g - a fire dragon hide
 m - a +0 buckler (worn)
 n - a +0 plate armour
 B - a +0 shield
Jewellery
 h - a ring of protection from fire (left hand)
Magical devices
 c - a wand of flame (0)
 d - a wand of enslavement (15)
 e - a wand of random effects (13)
 f - a wand of heal wounds (0)
Scrolls
 k - a scroll of random uselessness {unknown}
 l - 2 scrolls of identify
 p - 2 scrolls of immolation
 r - a scroll of remove curse
 s - a scroll of teleportation {unknown}
 t - a scroll of magic mapping
 w - a scroll of fog {unknown}
 y - a scroll of amnesia {unknown}
Potions
 i - 3 potions of curing
 j - a potion of cancellation {unknown}
 o - 3 potions of brilliance {unknown}
 u - a potion of ambrosia {unknown}
 x - a potion of poison {unknown}
 z - 2 potions of lignification {unknown}
 A - 2 potions of haste {unknown}
Books
 q - a Necronomicon

   Spells                             Type                      Level
   a - Haunt                          Necromancy/Summoning         7
   b - Borgnjor's Revivification      Necromancy                   8
   c - Death's Door                   Charms/Necromancy            8
   d - Necromutation                  Transmutation/Necromancy     8
Comestibles
 b - a beef jerky
 v - 2 bread rations {@e1}


   Skills:
 + Level 3.5 Fighting
 - Level 0.8 Short Blades
 - Level 2.1 Dodging
 - Level 1.2 Stealth
 + Level 1.3 Shields
 + Level 6.6 Evocations


You had 4 spell levels left.
You didn't know any spells.

Dungeon Overview and Level Annotations

Branches:
Dungeon (4/15)
 Temple: D:4-7

Altars:
Dithmenos
Gozag
Makhleb
Trog
Xom


Innate Abilities, Weirdness & Mutations

You are resistant to damage.
You can recharge devices by infusing magical energy.
You passively map a small area around you.
You do not heal naturally.


Message History

The adder barely misses you.
Drink which item? (? for menu, Esc to quit)
You feel better. The adder closely misses you. You block the adder's attack.
The phantom blinks!
You block the adder's attack. You block the adder's attack.
The phantom blinks!
The worker ant bites you!
* * * LOW HITPOINT WARNING * * *
The phantom blinks!
You hit the phantom.
The phantom is lightly damaged.
You block the adder's attack. The worker ant bites you.
You are poisoned.
The worker ant poisons you! The phantom closely misses you.
The adder closely misses you.
You closely miss the phantom.
The phantom is lightly damaged.
You block the worker ant's attack. You block the adder's attack.
The phantom hits you!
You die...

##..# ######### #..## ##..# #..##
*#######* ###..# ##.......#* #
###...#### #.........#* ##
###........#######[......>..##
.###.......ยง...S....#...........#
..#......####..a@W...............
#.......## #######..............
##....### ##............. ###..##
#.[........... # #.##
#.<........... #*#.#
#............. .*#.#
###.........## .*#.## #.....#####
.*#..############################


You could see a phantom, a worker ant and an adder.

Vanquished Creatures
  Ijyb (D:2)
  Jessica (D:2)
  2 hounds (D:4)
  A worker ant (D:4)
  A gnoll (D:1)
  2 adders (D:3)
  An ooze (D:4)
  An adder skeleton (D:4)
  A worm (D:3)
  3 giant geckos
  6 orcs
  A ball python (D:1)
  5 bats
  5 giant cockroaches
  5 hobgoblins
  4 kobolds
  4 quokkas
  2 giant newts (D:3)
  6 goblins
  A jackal skeleton (D:4)
  9 rats
62 creatures vanquished.

Vanquished Creatures (others)
  5 sheep
5 creatures vanquished.

Grand Total: 67 creatures vanquished

Notes
Turn   | Place    | Note
--------------------------------------------------------------
     0 | D:1      | derrpe the Deep Dwarf Artificer began the quest for the Orb.
     0 | D:1      | Reached XP level 1. HP: 16/16 MP: 3/3
    80 | D:1      | Reached skill level 1 in Fighting
    80 | D:1      | Reached XP level 2. HP: 22/25 MP: 5/5
  1765 | D:1      | Reached skill level 5 in Evocations
  1889 | D:1      | Reached XP level 3. HP: 23/32 MP: 6/6
  2040 | D:2      | Noticed Ijyb
  2094 | D:2      | Killed Ijyb
  2415 | D:2      | Found a faded altar to an unknown god.
  2418 | D:2      | Noticed Jessica
  2434 | D:2      | Killed Jessica
  2434 | D:2      | Reached XP level 4. HP: 29/40 MP: 8/8
  2462 | D:2      | Found a burning altar of Makhleb.
  2543 | D:2      | Found a shadowy altar of Dithmenos.
  2812 | D:2      | Found an opulent altar of Gozag.
  2863 | D:3      | Found a bloodstained altar of Trog.
  3331 | D:3      | Found a shimmering altar of Xom.
  3601 | D:3      | Reached skill level 6 in Evocations
  3601 | D:3      | Reached XP level 5. HP: 43/49 MP: 9/9
  4100 | D:4      | Got a brightly glowing robe
  4111 | D:4      | Identified the +0 robe of the Dragon {rCorr} (You found it on level 4 of the Dungeon)
  4504 | D:4      | Reached skill level 1 in Shields
  4897 | D:4      | Noticed a phantom
  4931 | D:4      | HP: 1/49 [phantom (7)]
  4994 | D:4      | Slain by a phantom

Vault maps used:
D:1:      dpeg_arrival_more_subterranean_lakeside_camping, minivault_4
D:2:      nicolae_gozag_cash_rules_everything_around_me, grunt_dithmenos_smoke,
          ecumenical_altar_1, bloody_makhleb, uniq_jessica, uniq_iyjb
D:3:      kb_xom_exploding_sheep, first_bread, hangedman_glass_teeth,
          minmay_misc_feat_five, lemuel_statue_altar
D:4:      minmay_misc_feat_x, columned_hall_lemuel

Action                   |  1- 3 |  4- 6 || total
-------------------------+-------+-------++-------
Melee: Short sword       |   129 |   317 ||   446
Evoke: Wand              |     5 |    17 ||    22
  Use: Scroll            |       |     4 ||     4
       Potion            |       |     1 ||     1
  Eat: Bread ration      |     1 |       ||     1
       Chunk             |       |     8 ||     8
